Selects Airborne Battlegroup
Construct Weapon Support Center
Mechanized Support Center
Designate Forward Repair Station
M3 Armored Personnel Carrier
Selects Paratrooper Squad Paradrop
Paratrooper Squad Paradrop
Construct Medical Station
Construct Medical Station
Paratrooper Squad Paradrop
Selects Anti-tank Gun Team Paradrop
Anti-tank Gun Team Paradrop
M3 Armored Personnel Carrier
Paratrooper Squad Paradrop